 Dungeon Crawl Stone Soup version 0.31-a0-152-g6aa68a64a1 (webtiles) character file.

Game seed: 6623851313227713567

100 qw the Shooter (level 4, 0/40 HPs)
             Began as a Naga Hunter on June 10, 2023.
             Slain by a cerulean imp
             ... wielding a +0 spear
             ... summoned by Natasha
              (2 damage)
             ... on level 2 of the Dungeon.
             The game lasted 00:00:34 (1182 turns).

qw the Shooter (Naga Hunter)                        Turns: 1182, Time: 00:00:34

Health: 0/40       AC:  4    Str: 13    XL:     4   Next: 74%
Magic:  4/4        EV:  9    Int:  9    God:
Gold:   62         SH:  0    Dex: 17    Spells: 3/3 levels left

rFire   . . .        Y - +0 shortbow (freeze)
rCold   . . .        (shield currently unavailable)
rNeg    . . .        c - +0 leather armour
rPois   +            k - +1 helmet
rElec   .            (no cloak)
rCorr   .            (no gloves)
SInv    +            (no barding)
Will    .....        e - amulet of faith
Stlth   ++           (no ring)
HPRegen 0.26/turn    (no ring)
MPRegen 0.09/turn

%: faith
@: short of breath, slowed, very slow
A: AC +1, large, see invisible, deformed body, poison resistance, slowness 2,
spit poison 1, naga tail 1
a: Spit Poison


You were on level 2 of the Dungeon.
You visited 1 branch of the dungeon, and saw 2 of its levels.

You collected 62 gold pieces.


Innate Abilities, Weirdness & Mutations

Your serpentine skin is tough. (AC +1)
You have supernaturally acute eyesight. (SInv)
Armour fits poorly on your strangely shaped body.
Your system is resistant to poisons. (rPois)
You cover ground very slowly.
You can spit poison.
You have a snake-like lower body.


   Skills:
 + Level 2.9 Fighting
 - Level 5.0 Ranged Weapons
 - Level 1.5 Dodging
 - Level 1.5 Stealth


You had 3 spell levels left.
You didn't know any spells.
Your spell library was empty.

Inventory:

Hand Weapons
 Y - a +0 shortbow of freezing (weapon)
Armour
 c - a +0 leather armour (worn)
 k - a +1 helmet (worn)
Jewellery
 e - an amulet of faith (around neck)
Scrolls
 j - a scroll of identify
Potions
 m - a potion of might {unknown}

Dungeon Overview and Level Annotations

Branches:
Dungeon (2/15)

Altars:

Shops:
D:1 ([=(

Annotations:
D:2 Natasha


Message History

Aiming: Spit Poison (1% risk of failure)
Press: ? - help, Shift-Dir - straight line, f/p - Natasha The splash of poison misses Natasha.
The splash of poison hits the giant cockroach.
The giant cockroach is poisoned.
You kill the giant cockroach!
The bat hits you but does no damage.
The cerulean imp hits you but does no damage.
Natasha barely misses you. The cerulean imp barely misses you.
You shoot an arrow.
The arrow hits Natasha but does no damage.
The bat barely misses you. The cerulean imp completely misses you.
Natasha claws you.
The cerulean imp hits you from afar with a +1 spear.
You shoot an arrow. The arrow barely misses Natasha.
The arrow hits the cerulean imp but does no damage.
The cerulean imp closely misses you. The bat hits you but does no damage.
Natasha stares at you and mumbles some strange words.
You feel yourself slow down.
The cerulean imp hits you from afar with a +1 spear.
You shoot an arrow. The arrow closely misses Natasha.
The arrow hits the cerulean imp.
The arrow freezes the cerulean imp.
The cerulean imp is heavily wounded.
You have got your breath back.
The bat closely misses you. The bat barely misses you.
The cerulean imp hits you from afar with a +0 spear.
Natasha stares at you and mumbles some strange words.
The magic dart hits you.
The cerulean imp hits you from afar with a +1 spear.
The cerulean imp hits you from afar with a +0 spear.
Natasha claws you but does no damage. The cerulean imp barely misses you.
1182 ||| INVOKING Spit Poison.
Aiming: Spit Poison (1% risk of failure)
Press: ? - help, Shift-Dir - straight line, f/p - Natasha The splash of poison misses Natasha.
The splash of poison hits the cerulean imp.
The cerulean imp completely resists.
The cerulean imp is moderately wounded.
The cerulean imp hits you from afar with a +0 spear.
You die...

###. ## ..... # #.
..... #..
.#.#.#.####...... #.#
...#.#%.#.#5..... #.#
.....#..#?h5..... #.#
.......bw@#...... #.#
######...### .....
#.# #........### K...
#)#
#.#####....######+
.)# #.#####.......#
#######'##..w###..#.#
# #........#......# #
# #........#........
# #........#.#####...


You could see Natasha, 2 cerulean imps, a dart slug and a bat.

Vanquished Creatures
  3 gnolls (D:2)
  2 adders (D:2)
  A dart slug (D:1)
  5 bats (D:1)
  3 endoplasms (D:1)
  2 giant cockroaches (D:2)
  7 goblins
  6 hobgoblins
  2 jackals (D:1)
  4 quokkas
  5 ball pythons (D:1)
  3 frilled lizards
  A kobold (D:1)
  2 rats (D:1)
46 creatures vanquished.

Notes
Turn   | Place    | Note
-------+----------+-------------------------------------------
     0 | D:1      | qw the Naga Hunter began the quest for the Orb.
     0 | D:1      | Reached XP level 1. HP: 19/19 MP: 1/1
     0 | D:1      | 0 ||| qw: Version: 0.2-a-122-gbc61b45
     0 | D:1      | 0 ||| qw: Game counter: 3516
     0 | D:1      | 0 ||| qw: Always use a shield: true
     0 | D:1      | 0 ||| qw: God list: Okawaru
     0 | D:1      | 0 ||| qw: Allow faded altars: false
     0 | D:1      | 0 ||| qw: Do Orc after D:15 true
     0 | D:1      | 0 ||| qw: Do second Lair branch before Depths: true
     0 | D:1      | 0 ||| qw: Lair rune preference: random
     0 | D:1      | 0 ||| qw: Plans: Normal
     0 | D:1      | 0 ||| PLANNING D:1-11
    16 | D:1      | 16 ||| INVOKING Spit Poison.
    26 | D:1      | 26 ||| INVOKING Spit Poison.
    30 | D:1      | 30 ||| INVOKING Spit Poison.
    35 | D:1      | 35 ||| INVOKING Spit Poison.
    36 | D:1      | Reached skill level 4 in Ranged Weapons
    36 | D:1      | Reached XP level 2. HP: 22/26 MP: 2/2
    42 | D:1      | 42 ||| INVOKING Spit Poison.
   202 | D:1      | 202 ||| INVOKING Spit Poison.
   208 | D:1      | 208 ||| INVOKING Spit Poison.
   211 | D:1      | 211 ||| FLEEEEING.
   222 | D:1      | 222 ||| FLEEEEING.
   225 | D:1      | 225 ||| INVOKING Spit Poison.
   283 | D:1      | Found Quefri's Jewellery Boutique.
   284 | D:1      | 284 ||| INVOKING Spit Poison.
   289 | D:1      | 289 ||| SHOPLISTING +4 ring of protection (360 gold, have
                  | 25).
   289 | D:1      | 289 ||| SHOPLISTING ring of positive energy (200 gold, have
                  | 25).
   316 | D:1      | 316 ||| INVOKING Spit Poison.
   343 | D:1      | 343 ||| INVOKING Spit Poison.
   344 | D:1      | 344 ||| INVOKING Spit Poison.
   345 | D:1      | Reached XP level 3. HP: 32/32 MP: 3/3
   377 | D:1      | Found Wudetig's Antique Weapon Boutique.
   398 | D:1      | 398 ||| INVOKING Spit Poison.
   417 | D:1      | 417 ||| INVOKING Spit Poison.
   480 | D:1      | 480 ||| INVOKING Spit Poison.
   514 | D:1      | 514 ||| INVOKING Spit Poison.
   625 | D:1      | Found Ridulodi's Antique Weapon Emporium.
   747 | D:1      | Found Jappeven's Antique Armour Shop.
   754 | D:1      | 754 ||| SHOPLISTING dyed leather armour (115 gold, have
                  | 40).
   754 | D:1      | 754 ||| SHOPLISTING embroidered robe (85 gold, have 40).
   780 | D:1      | 780 ||| INVOKING Spit Poison.
   802 | D:1      | 802 ||| INVOKING Spit Poison.
   877 | D:1      | 877 ||| INVOKING Spit Poison.
   882 | D:1      | 882 ||| INVOKING Spit Poison.
   888 | D:1      | 888 ||| INVOKING Spit Poison.
  1013 | D:1      | 1013 ||| UPGRADING to +1 helmet.
  1018 | D:1      | 1018 ||| UPGRADING to amulet of faith.
  1023 | D:1      | 1023 ||| DROPPING +6 ring of intelligence.
  1024 | D:1      | 1024 ||| READING scroll labelled VIEM VAIWN.
  1025 | D:1      | 1025 ||| READING scroll labelled HEPLEL JOSAUDD.
  1026 | D:1      | 1026 ||| READING scroll labelled ACUALA GAGAAMP.
  1027 | D:1      | 1027 ||| READING scroll labelled ROIWUCOANY.
  1028 | D:1      | 1028 ||| READING 2 scrolls labelled LUXEZEG JUNI.
  1029 | D:1      | 1029 ||| READING scroll labelled DIZIB FOORAR.
  1030 | D:1      | 1030 ||| DROPPING scroll of butterflies.
  1066 | D:2      | 1066 ||| INVOKING Spit Poison.
  1072 | D:2      | 1072 ||| INVOKING Spit Poison.
  1073 | D:2      | Reached skill level 5 in Ranged Weapons
  1073 | D:2      | Reached XP level 4. HP: 34/39 MP: 4/4
  1108 | D:2      | 1108 ||| INVOKING Spit Poison.
  1120 | D:2      | 1120 ||| INVOKING Spit Poison.
  1125 | D:2      | 1125 ||| INVOKING Spit Poison.
  1145 | D:2      | 1145 ||| INVOKING Spit Poison.
  1156 | D:2      | 1156 ||| INVOKING Spit Poison.
  1169 | D:2      | 1169 ||| INVOKING Spit Poison.
  1169 | D:2      | Noticed Natasha
  1173 | D:2      | 1173 ||| INVOKING Spit Poison.
  1175 | D:2      | 1175 ||| Stepping ~*~*~tactically~*~*~ (outnumbered).
  1178 | D:2      | 1178 ||| INVOKING Spit Poison.
  1181 | D:2      | HP: 9/40 [cerulean imp/+0 spear[Natasha] (2)]
  1181 | D:2      | HP: 3/40 [cerulean imp/+1 spear[Natasha] (3)]
  1181 | D:2      | HP: 1/40 [cerulean imp/+0 spear[Natasha] (2)]
  1182 | D:2      | 1182 ||| INVOKING Spit Poison.
  1182 | D:2      | Slain by a cerulean imp

Levels and vault maps discovered:
D:1:      tekkud_arrival_beachfront_property, layout_loops_corners,
          serial_shops, nicolae_shop_hallway_stairs,
          nicolae_shop_gibbet_a_chance, shop, shop, st_stairs_3
D:2:      layout_basic, basic_altar, minmay_pentomino_o4, uniq_natasha

Skill      XL: |  1  2  3 |
---------------+----------+-----
Ranged Weapons | 4 5 |  5.0
Fighting       | |  2.9
Dodging        | |  1.5
Stealth        | |  1.5

Action                     |  1- 3 |  4- 6 || total
---------------------------+-------+-------++-------
   Fire: Shortbow          |    67 |    28 ||    95
Ability: Spit Poison       |    22 |     9 ||    31
    Use: Scroll            |     6 |       ||     6
 Armour: Leather armour    |     8 |     9 ||    17
  Dodge: Dodged            |    25 |    17 ||    42

Table legend:
 A = Non-vault XP
 B = Vault XP
 C = Vault XP percentage of total XP
 D = Non-vault monster count
 E = Vault monster count
 F = Vault count percentage of total count
                 A         B        C        D         E       F
            +---------+---------+-------+---------+---------+-------
      Total |     134 |      10 |   6.9 |      41 |       5 |  10.9
            +---------+---------+-------+---------+---------+-------
        D:1 |      52 |       6 |  10.3 |      29 |       3 |   9.4
        D:2 |      82 |       4 |   4.7 |      12 |       2 |  14.3
            +---------+---------+-------+---------+---------+-------
